 Dungeon Crawl Stone Soup version 0.22-a0-117-g314b907 (webtiles) character file.

240 tof the Cudgeler (level 5, 0/47 HPs)
             Began as a Minotaur Fighter on Jan 29, 2018.
             Slain by Sigmund
             ... wielding a +0 scythe
              (6 damage)
             ... on level 4 of the Dungeon.
             The game lasted 00:03:46 (2508 turns).

tof the Cudgeler (Minotaur Fighter)                 Turns: 2508, Time: 00:03:46

Health: 0/47       AC:  7    Str: 21    XL:     5   Next: 80%
Magic:  4/4        EV:  7    Int:  5    God:
Gold:   69         SH:  9    Dex: 10    Spells: 4/4 levels left

rFire    . . .     SeeInvis .   a - +0 flail
rCold    . . .     Gourm    .   c - +0 shield
rNeg     . . .     Faith    .   b - +0 scale mail
rPois    +         Spirit   .   (helmet restricted)
rElec    .         Reflect  .   (no cloak)
rCorr    .         Harm     .   (no gloves)
MR       .....                  (no boots)
Stlth    ..........             (no amulet)
HPRegen  0.15/turn              g - ring of poison resistance (curse)
MPRegen  0.09/turn              (no ring)

@: no status effects
A: retaliatory headbutt, horns 2
a: no special abilities


You were on level 4 of the Dungeon.
You were not hungry.

You visited 1 branch of the dungeon, and saw 4 of its levels.

You collected 167 gold pieces.
You spent 98 gold pieces at shops.

Inventory:

Hand Weapons
 a - a +0 flail (weapon)
Armour
 b - a +0 scale mail (worn)
 c - a +0 shield (worn)
Jewellery
 g - a cursed ring of poison resistance (left hand)
Scrolls
 e - a scroll of blinking
 h - 2 scrolls of remove curse
 j - a scroll of fear
 m - 3 scrolls of enchant armour
 n - a scroll of enchant weapon {unknown}
 t - a scroll of teleportation
Potions
 d - 2 potions of might
 i - 5 potions of curing
 l - a potion of heal wounds
 o - a potion of agility {unknown}
 p - a potion of resistance {unknown}
 q - 2 potions of haste {unknown}
Comestibles
 f - 6 rations
 s - 8 chunks of flesh


   Skills:
 + Level 4.7 Fighting
 * Level 5.0 Maces & Flails
 + Level 4.8 Armour
 + Level 4.7 Shields


You had 4 spell levels left.
You didn't know any spells.

Dungeon Overview and Level Annotations

Branches:
Dungeon (4/15)
 Temple: D:4-7

Altars:
Zin

Shops:
D:4 ?

Annotations:
D:1 scrolls blink
D:4 Sigmund


Innate Abilities, Weirdness & Mutations

You reflexively headbutt those who attack you in melee.
You have a pair of horns on your head.


Message History

Something hits you. Something hits you.
You miss something. Something hits you but does no damage.
You hit something. Something hits you but does no damage.
You closely miss something. You closely miss something.
Your headbutt misses something. Something hits you.
Your shield and scale mail prevent you from hitting something.
You hear some strange, mumbled words.
A puff of flame appears from out of thin air!
The puff of flame hits you!
* * * LOW HITPOINT WARNING * * *
You miss something. Something hits you.
* * * LOW HITPOINT WARNING * * *
Your scale mail prevents you from hitting something.
Your headbutt misses something. You block something's attack.
As you read the scroll of fog, it crumbles to dust.
The scroll dissolves into smoke.
Something hits you.
* * * LOW HITPOINT WARNING * * *
Something hits you.
You die...

#...#..#..[....#
#####..'.......# ##
##..#.......########
.####...#...............
........#.....§§§§......
........#.....§§§§§...$.
........#......{§§......
........########§§§.....
.........#.....#@§§.....
.........'.....#........
.........#.....#........
..##.##.##.∩##+#........
..##.##+##..#......#####
...>........#......#
............'......#
............#......#
.....########......#


There were no monsters in sight!

Vanquished Creatures
  An orc priest (D:3)
  An orc wizard (D:3)
  Natasha (thrice) (D:2)
  2 adders
  4 oozes (D:1)
  2 worms
  4 dart slugs
  3 leopard geckos
  3 orcs
  2 giant cockroaches
  6 goblins
  5 hobgoblins
  3 jackals (D:2)
  4 kobolds
  A quokka (D:3)
  A ball python (D:3)
  7 bats
  A frilled lizard (D:1)
  5 rats
58 creatures vanquished.

Notes
Turn   | Place    | Note
-------+----------+-------------------------------------------
     0 | D:1      | tof the Minotaur Fighter began the quest for the Orb.
     0 | D:1      | Reached XP level 1. HP: 19/19 MP: 0/0
    99 | D:1      | Reached XP level 2. HP: 23/27 MP: 1/1
   170 | D:1      | Reached skill level 3 in Maces & Flails
   310 | D:1      | Reached XP level 3. HP: 33/33 MP: 2/2
  1028 | D:2      | Reached XP level 4. HP: 40/40 MP: 3/3
  1238 | D:3      | Reached skill level 4 in Maces & Flails
  1255 | D:3      | Noticed Natasha
  1272 | D:2      | Killed Natasha
  1384 | D:3      | Reached XP level 5. HP: 13/47 MP: 4/4
  1443 | D:2      | Noticed Natasha
  1450 | D:2      | Killed Natasha
  2159 | D:2      | Noticed Natasha
  2167 | D:2      | Killed Natasha
  2297 | D:3      | Reached skill level 5 in Maces & Flails
  2385 | D:4      | Found Nyulolof's Magic Scroll Emporium.
  2399 | D:4      | Bought a scroll of identify for 28 gold pieces
  2400 | D:4      | Bought a scroll of identify for 28 gold pieces
  2400 | D:4      | Bought a scroll of teleportation for 42 gold pieces
  2470 | D:4      | Found a glowing silver altar of Zin.
  2478 | D:4      | Noticed Sigmund
  2508 | D:4      | Slain by Sigmund

Vault maps used:
D:1:      erik_arrival_gehennom, serial_glass, glass_columns_a, glass_columns_a
D:2:      first_ration, minmay_close_crescents
D:3:      uniq_natasha
D:4:      kennysheep_little_box, zin_scriptorium, serial_shops, shop,
          nicolae_shop_trees, shop, shop, shop, uniq_sigmund

Skill      XL: |  1  2  3  4  5 |
---------------+----------------+-----
Maces & Flails | 3 4 5 |  5.0
Armour         | 4 |  4.8
Fighting       | 4 |  4.7
Shields        | 4 |  4.7

Action                   |  1- 3 |  4- 6 || total
-------------------------+-------+-------++-------
Melee: Flail             |    70 |   102 ||   172
       Headbutt          |    17 |    15 ||    32
  Use: Scroll            |       |    11 ||    11
  Eat: Chunk             |       |     5 ||     5
Armor: Scale mail        |    20 |    35 ||    55
Dodge: Dodged            |    15 |    19 ||    34
Block: Shield            |    36 |    41 ||    77

Table legend:
 A = Spawn XP
 B = Non-spawn XP
 C = Spawn XP percentage of total XP
 D = Spawn monster count
 E = Non-spawn monster count
 F = Spawn count percentage of total count
 G = Total turns spent on level
                    A         B        C        D         E        F      G
               +---------+---------+-------+---------+---------+-------+---------
         Total |       0 |     344 |   0.0 |       0 |      58 |   0.0 |  2508
               +---------+---------+-------+---------+---------+-------+---------
           D:1 |       0 |      58 |   0.0 |       0 |      19 |   0.0 |   532
           D:2 |       0 |     145 |   0.0 |       0 |      17 |   0.0 |  1065
           D:3 |       0 |     138 |   0.0 |       0 |      21 |   0.0 |   731
           D:4 |       0 |       3 |   0.0 |       0 |       1 |   0.0 |   180
               +---------+---------+-------+---------+---------+-------+---------
